 Dungeon Crawl Stone Soup version 0.18-a0-1390-gc02854d (webtiles) character file.

53 gorblad the Chopper (level 3, -7/30 HPs)
             Began as a Centaur Gladiator on Feb 22, 2016.
             Mangled by Sigmund
             ... wielding a +2 vampiric scythe
              (12 damage)
             ... on level 2 of the Dungeon.
             The game lasted 00:02:17 (1066 turns).

gorblad the Chopper (Centaur Gladiator)             Turns: 1066, Time: 00:02:17

Health: -7/30      AC:  5    Str: 18    XL:     3   Next: 62%
Magic:  3/3        EV: 10    Int:  7    God:
Gold:   24         SH:  0    Dex:  9    Spells: 0 memorised, 2 levels left

rFire  . . .     SeeInvis .     a - +0 war axe
rCold  . . .     Gourm    .     b - +0 leather armour
rNeg   . . .     Faith    .     (no shield)
rPois  .         Spirit   .     c - +0 helmet
rElec  .         Dismiss  .     (no cloak)
rCorr  .         Reflect  .     (no gloves)
SustAt .         Harm     .     (no barding)
MR     .....                    (no amulet)
Stlth  ..........               (no ring)
                                (no ring)

@: very quick, not resistant to hostile enchantments, extremely unstealthy
A: hooves 3, deformed body, speed 2, tough skin 3
a: no special abilities


You were on level 2 of the Dungeon.
You were not hungry.

You visited 1 branch of the dungeon, and saw 2 of its levels.

You collected 24 gold pieces.

Inventory:

Hand Weapons
 a - a +0 war axe (weapon)
Missiles
 d - 3 throwing nets (quivered)
Armour
 b - a +0 leather armour (worn)
 c - a +0 helmet (worn)
Jewellery
 k - an uncursed ring of protection from cold {unknown}
Scrolls
 l - a scroll of teleportation
Potions
 e - a potion of mutation
 h - a potion of might {unknown}
 j - a potion of flight {unknown}
 m - a potion of cancellation {unknown}
Comestibles
 f - 2 bread rations


   Skills:
 + Level 2.4 Fighting
 + Level 3.2 Axes
 - Level 2.1 Throwing
 + Level 0.7 Armour
 + Level 2.7 Dodging


You had 2 spell levels left.
You didn't know any spells.

Dungeon Overview and Level Annotations

Branches:
Dungeon (2/15)

Altars:

Annotations:
D:2 Sigmund


Innate Abilities, Weirdness & Mutations

You have hooves in place of feet.
Armour fits poorly on your strangely shaped body.
You cover ground very quickly.
You have extremely tough skin (AC +3).


Message History

Drink which item? (? for menu, Esc to quit)
It was a potion of curing.
You feel better.
You hear some strange, mumbled words.
You are confused.
Drink which item? (? for menu, Esc to quit)
It was a potion of cure mutation.
It has a very clean taste.
You feel healthier.
Your skeletal structure returns to normal.
Something hits you!
* * * LOW HITPOINT WARNING * * *
Drink which item? (? for menu, Esc to quit)
You feel better.
You hear some strange, mumbled words.
A puff of flame appears from out of thin air!
The puff of flame hits you!
* * * LOW HITPOINT WARNING * * *
Something hits you but does no damage.
You closely miss something. You barely miss something.
Your kick misses something. Something hits you!
You die...

### #.#### #.#..##
#.#...##### #.).......#
#.....###.# #
##....###.######## #
#.####...#..)...#
####.#..........@{?########
...........................
#.##.......................
...........................
..#..........#####.........
......#.###### #.........
.#..#...# #.!.......
........# #######.##
.#####.# ..#


There were no monsters in sight!

Vanquished Creatures
  An ooze (D:1)
  4 dart slugs (D:1)
  A giant gecko (D:1)
  5 bats (D:1)
  2 giant cockroaches (D:1)
  5 goblins
  5 hobgoblins
  5 jackals (D:1)
  4 kobolds
  4 rats (D:1)
36 creatures vanquished.

Notes
Turn   | Place    | Note
--------------------------------------------------------------
     0 | D:1      | gorblad the Centaur Gladiator began the quest for the Orb.
     0 | D:1      | Reached XP level 1. HP: 17/17 MP: 1/1
   178 | D:1      | Reached XP level 2. HP: 24/24 MP: 2/2
   191 | D:1      | Reached skill level 3 in Axes
   320 | D:1      | Reached XP level 3. HP: 16/30 MP: 3/3
  1041 | D:2      | Noticed Sigmund
  1060 | D:2      | Gained mutation: You have a somewhat thin skeletal structure (Dex +2, Stealth). [potion of mutation]
  1060 | D:2      | Gained mutation: Your body sometimes deteriorates upon taking damage. [potion of mutation]
  1062 | D:2      | Lost mutation: Your body sometimes deteriorates upon taking damage. [potion of cure mutation]
  1062 | D:2      | Lost mutation: You have a somewhat thin skeletal structure (Dex +2, Stealth). [potion of cure mutation]
  1066 | D:2      | Mangled by Sigmund

Vault maps used:
D:1:      nicolae_arrival_washed_ashore, minmay_misc_feat_cross,
          serial_park_tiny_2, minmay_vboxes
D:2:      kennysheep_six_static_rooms, first_bread, uniq_robin, uniq_sigmund

Skill      XL: |  1  2 |
---------------+-------+-----
Axes           | 3 |  3.2
Fighting       | |  2.4
Throwing       | |  2.1
Armour         | |  0.7
Dodging        | |  2.7

Action                   || total
-------------------------++-------
Melee: War axe           ||    90
  Use: Potion            ||     4
       Scroll            ||     1
